 Dungeon Sprint DCSS version 0.25.1-8-g42b30a86e7 (webtiles) character file.

Game seed: 12649753416733632992

4500000 jbtxwes the Axe Maniac (level 25, -172/304 HPs)
             Began as a Troll Warper on Dec 8, 2020.
             Was the Champion of Makhleb.
             Annihilated by a destroyer
             ... wielding a +9 vorpal great sword
              (176 damage)
             ... in the Dungeon (Sprint VIII: "Arena of Blood").
             The game lasted 00:06:18 (45 turns).

jbtxwes the Axe Maniac (Troll Warper)                 Turns: 45, Time: 00:06:20

Health: -172/304   AC:  8    Str: 34    XL:     25   Next: 88%
Magic:  24/53      EV: 22    Int:  9    God:    Makhleb [******]
Gold:   0          SH:  0    Dex:  9    Spells: 78/78 levels left

rFire    . . .     SeeInvis .   b - +∞ Axe of Woe
rCold    . . .     Gourm    +   (shield currently unavailable)
rNeg     . . .     Faith    .   a - +0 robe
rPois    .         Spirit   .   (helmet restricted)
rElec    .         Reflect  .   (no cloak)
rCorr    .         Harm     .   (gloves unavailable)
MR       +....     NoTele   +   (boots unavailable)
Stlth    +++++++++.             (no amulet)
HPRegen  1.00/turn              (no ring)
MPRegen  0.33/turn              (no ring)

@: no status effects
A: large, unfitting armour, claws 3, fast metabolism 3, gourmand, regeneration
1, shaggy fur 1, tough skin 3
a: Minor Destruction, Lesser Servant of Makhleb, Major Destruction, Greater
Servant of Makhleb, Renounce Religion


You were in the Dungeon.
You worshipped Makhleb.
Makhleb was exalted by your worship.
You were not hungry.

You visited 1 branch

Inventory:

Hand Weapons
 b - the +∞ Axe of Woe (weapon)
   (You found it in the Dungeon)
Missiles
 d - 5 boomerangs of dispersal (quivered)
Armour
 a - a +0 robe (worn)
Jewellery
 k - a +30 ring of slaying
 l - a +30 ring of slaying
Scrolls
 c - 2 scrolls of blinking
Potions
 e - a potion of curing
 g - a potion of heal wounds
 h - a potion of haste
 i - 2 potions of magic
 j - a potion of berserk rage
Comestibles
 f - 2 rations


   Skills:
 O Level 27 Fighting
 O Level 27 Axes
 O Level 27 Throwing
 O Level 27 Armour
 O Level 27 Dodging
 O Level 27 Stealth
 O Level 27 Unarmed Combat
 O Level 27 Spellcasting
   Level 2.1 Translocations
 O Level 27 Invocations


You had 78 spell levels left.
You didn't know any spells.
Your spell library contained the following spells:

 Spells                   Type           Power        Failure   Level  Hunger
 Blink                    Tloc           N/A          1%          2    None
 Shroud of Golubria       Chrm/Tloc      ##....       2%          2    None
 Gell's Gravitas          Tloc           ###.......   3%          3    None
 Lesser Beckoning         Tloc           ###.......   3%          3    None
 Teleport Other           Tloc           ###.....     3%          3    None
 Passage of Golubria      Tloc           N/A          11%         4    #......


Dungeon Overview and Level Annotations

Branches:
Dungeon (1/1)

Altars:
Makhleb


Innate Abilities, Weirdness & Mutations

You are too large for most types of armour.
You have claws for hands.
Your metabolism is lightning-fast.
You like to eat raw meat.
Your natural rate of healing is unusually fast.
You are covered in fur. (AC +1)
You have extremely tough skin. (AC +3)


Message History

The destroyer is engulfed in blazing flames.
The destroyer hits you with a +9 vorpal great sword!!!
* * * LOW HITPOINT WARNING * * *
x2 The destroyer bites you but does no damage.
The bag of meat is engulfed in blazing flames.
You hear a shout! x3
The large bag of meat is engulfed in blazing flames.
The meat berserker rages.
The meat berserker is engulfed in blazing flames.
The meat berserker hits you with a +9 battleaxe!!!!
* * * LOW HITPOINT WARNING * * *
You hear a shout!
The destroyer blinks!
You hear a shout!
Two crawling corpses merge to form a small abomination.
A crawling corpse merges with a small abomination to form a large abomination.
The destroyer is engulfed in blazing flames.
The destroyer hits you with a +9 vorpal great sword!!!!!
Ouch! That really hurt!
You die...

#......###.......###.
............###......
....#..)%)..._.V.....
.#....)X)#.....#....
.......)§X#_.<._#.z..
..#.......#.....#....
....#o.o.ox.._..o....
.........OV§###○.....
.......###§@O°Doo###.
....... #VO§Vo☼.#
...... #o○§)§.%#
........V§§§x§..z...
.#.......XV.x..%...
................#
..............##.
....#....o...#..
........o§...#..


You could see an eight-headed meat hydra, 6 destroyers, a sculptor of flesh, a
large bag of meat (inner flame), 3 large abominations, 2 meat berserkers, 8 bags
of meat and 3 crawling corpses.

Vanquished Creatures
  4 vampire knights (D)
  16 ogres (D)
  7 two-headed ogres (D)
  A hydra (D)
  27 orcs (D)
  2 skeletal warriors (D)
  A small abomination (D)
  A crawling corpse (D)
59 creatures vanquished.

Vanquished Creatures (others)
  6 crawling corpses (D)
6 creatures vanquished.

Grand Total: 65 creatures vanquished

Notes
Turn   | Place    | Note
-------+----------+-------------------------------------------
     0 | D        | Found the +∞ Axe of Woe
     0 | D        | jbtxwes the Troll Warper began the quest for the Orb.
     0 | D        | Reached XP level 1. HP: 19/19 MP: 1/1
     4 | D        | Became a worshipper of Makhleb the Destroyer
     6 | D        | Noticed a bag of meat
     6 | D        | Noticed a bag of meat
     6 | D        | Noticed a bag of meat
     6 | D        | Noticed a bag of meat
     6 | D        | Noticed a meat berserker
     6 | D        | Noticed a bag of meat
     6 | D        | Noticed a bag of meat
     6 | D        | Noticed a bag of meat
     6 | D        | Noticed a bag of meat
     7 | D        | Noticed a meat berserker
     7 | D        | Noticed a bag of meat
     8 | D        | Noticed a bag of meat
     8 | D        | Noticed a meat berserker
     8 | D        | Noticed a bag of meat
     8 | D        | Noticed a bag of meat
     9 | D        | Killed a meat berserker
     9 | D        | Reached XP level 2. HP: 27/27 MP: 2/2
     9 | D        | Reached XP level 3. HP: 33/33 MP: 3/3
     9 | D        | Reached XP level 4. HP: 41/41 MP: 4/4
     9 | D        | Reached XP level 5. HP: 48/48 MP: 5/5
     9 | D        | Reached XP level 6. HP: 55/55 MP: 6/6
     9 | D        | Reached XP level 7. HP: 62/62 MP: 7/7
     9 | D        | Reached XP level 8. HP: 70/70 MP: 8/8
     9 | D        | Reached XP level 9. HP: 76/76 MP: 9/9
     9 | D        | Reached XP level 10. HP: 85/85 MP: 10/10
     9 | D        | Reached XP level 11. HP: 92/92 MP: 11/11
     9 | D        | Reached XP level 12. HP: 100/100 MP: 12/12
     9 | D        | Reached XP level 13. HP: 106/106 MP: 13/13
     9 | D        | Noticed a bag of meat
     9 | D        | Noticed a bag of meat
    10 | D        | Killed a bag of meat
    10 | D        | Reached * piety under Makhleb
    10 | D        | Reached skill level 27 in Axes
    10 | D        | Killed a bag of meat
    10 | D        | Reached XP level 14. HP: 157/157 MP: 14/14
    11 | D        | Killed a meat berserker
    11 | D        | Reached XP level 15. HP: 187/187 MP: 15/15
    11 | D        | Reached ** piety under Makhleb
    12 | D        | Reached XP level 16. HP: 215/215 MP: 16/16
    13 | D        | Killed a meat berserker
    13 | D        | Reached *** piety under Makhleb
    13 | D        | Reached skill level 27 in Fighting
    13 | D        | Reached XP level 17. HP: 226/226 MP: 17/17
    13 | D        | Noticed a meat berserker
    15 | D        | Reached **** piety under Makhleb
    15 | D        | Noticed a meat berserker
    16 | D        | Reached skill level 27 in Dodging
    16 | D        | Reached XP level 18. HP: 236/236 MP: 18/18
    17 | D        | Reached ***** piety under Makhleb
    18 | D        | Noticed a meat berserker
    19 | D        | Killed a meat berserker
    19 | D        | Reached XP level 19. HP: 245/245 MP: 19/19
    21 | D        | Noticed a meat berserker
    21 | D        | Noticed a large bag of meat
    22 | D        | Reached skill level 27 in Armour
    22 | D        | Killed a meat berserker
    23 | D        | Reached XP level 20. HP: 256/256 MP: 20/20
    23 | D        | Noticed a meat berserker
    24 | D        | Killed a meat berserker
    24 | D        | Reached skill level 27 in Unarmed Combat
    24 | D        | Reached ****** piety under Makhleb
    24 | D        | Noticed a meat berserker
    25 | D        | Noticed a large bag of meat
    25 | D        | Noticed a large bag of meat
    27 | D        | Noticed a meat berserker
    27 | D        | Noticed a large bag of meat
    28 | D        | Noticed a meat berserker
    28 | D        | Noticed an eight-headed meat hydra
    28 | D        | Noticed a large bag of meat
    28 | D        | Noticed a destroyer
    29 | D        | Noticed a meat berserker
    30 | D        | Noticed a meat berserker
    30 | D        | Noticed a meat berserker
    30 | D        | Noticed a large bag of meat
    31 | D        | Killed a meat berserker
    31 | D        | Reached XP level 21. HP: 55/265 MP: 21/21
    31 | D        | Reached skill level 27 in Throwing
    31 | D        | Noticed a large bag of meat
    33 | D        | Reached skill level 15 in Spellcasting
    33 | D        | Killed a large bag of meat
    33 | D        | Killed a large bag of meat
    33 | D        | Reached XP level 22. HP: 275/275 MP: 21/45
    34 | D        | Killed a destroyer
    34 | D        | Reached skill level 27 in Spellcasting
    34 | D        | Killed a large bag of meat
    35 | D        | Reached XP level 23. HP: 284/284 MP: 21/53
    35 | D        | Noticed a large bag of meat
    36 | D        | Reached skill level 27 in Invocations
    36 | D        | Noticed a destroyer
    38 | D        | Noticed a destroyer
    38 | D        | Noticed a destroyer
    39 | D        | Noticed a destroyer
    39 | D        | Reached XP level 24. HP: 295/295 MP: 22/53
    39 | D        | Noticed a destroyer
    39 | D        | Noticed a destroyer
    40 | D        | Killed a large bag of meat
    40 | D        | Noticed a destroyer
    41 | D        | Noticed a destroyer
    42 | D        | Killed a destroyer
    42 | D        | Reached skill level 27 in Stealth
    42 | D        | Reached XP level 25. HP: 293/304 MP: 23/53
    42 | D        | Killed a destroyer
    42 | D        | Killed a large bag of meat
    44 | D        | Killed a large bag of meat
    44 | D        | Killed a large bag of meat
    44 | D        | Killed a destroyer
    45 | D        | Noticed a destroyer
    45 | D        | HP: 4/304 [meat berserker/+9 battleaxe (73)]
    45 | D        | Annihilated by a destroyer

Illustrated notes

Levels and vault maps discovered:
D:        meatsprint

Skill      XL: |  1  2  3  4  5  6  7  8  9 10 11 12 13 14 15 16 17 18 19 20 21 22 23 24 |
---------------+-------------------------------------------------------------------------+-----
Axes           | 25 27 | 27.0
Fighting       | 14 21 26 27 | 27.0
Dodging        | 19 27 | 27.0
Armour         | 7 24 27 | 27.0
Unarmed Combat | 25 27 | 27.0
Throwing       | 24 27 | 27.0
Spellcasting   | 20 27 | 27.0
Invocations    | 21 27 | 27.0
Stealth        | 18 27 | 27.0
Translocations | |  2.1

Action                   |  1- 3 |  4- 6 |  7- 9 | 10-12 | 13-15 | 16-18 | 19-21 | 22-24 | 25-27 || total
-------------------------+-------+-------+-------+-------+-------+-------+-------+-------+-------++-------
Melee: Executioner's axe |     1 |       |       |       |     3 |     6 |     6 |     8 |     1 ||    25
Armor: Robe              |       |       |       |       |       |       |       |       |     1 ||     1
Dodge: Dodged            |       |       |       |       |     1 |       |       |       |       ||     1
